[Event "*** Titled Tuesday Blitz"]
[Site "Chess.com"]
[Date "2021.02.09"]
[Round "3"]
[White "MergenKakabaev"]
[Black "bennyficial"]
[Result "1-0"]
[WhiteElo "2395"]
[BlackElo "2191"]
[TimeControl "180+1"]
[EndTime "10:28:35 PST"]
[Termination "MergenKakabaev won by resignation"]

1. e4 c5 2. Nf3 Nc6 3. Bb5 g6 4. Bxc6 dxc6 5. d3 Bg7 6. h3 Nf6 7. Nc3 O-O 8. Be3 b6 9. Qd2 Qc7 10. Bh6 e5 11. Ne2 Rd8 12. Ng3 Bh8 13. O-O-O c4 14.
Qc3 cxd3 15. Qxe5 Qxe5 16. Nxe5 Re8 17. Nxd3 Nxe4 18. Nxe4 Rxe4 19. Rhe1 Rxe1 20. Rxe1 Be6 21. Nf4 Re8 22. Nxe6 Rxe6 23. Rxe6 fxe6 24. b3 Kf7 25.
Kd2 Bf6 26. Bf4 Ke7 27. Kd3 e5 28. Be3 Kd6 29. Ke4 Ke6 30. a4 Bd8 31. Bd2 b5 32. Bc3 Bc7 33. g4 a6 34. Bd2 Bb8 35. Be3 Bc7 36. Bc5 Bb8 37. axb5 axb5 38. c4 bxc4 39. bxc4 Bc7 40. Ba7 Bd6 41. f3 Bc7 42. Bc5 Bb8 43. h4 Bc7 44. Be3 Bb8 45. f4 exf4 46. Bxf4 Bxf4 47.
Kxf4 Kd6 48. Kg5 Kc5 49. Kh6 Kxc4 50. Kxh7 Kb4 51. Kxg6 c5 52. h5 c4 53. h6 c3 54. h7 c2 55. h8=Q c1=Q 56. Qb8+ Ka5 57. Qd8+ Kb5 58. g5 Qc2+ 59. Kg7 Qc3+ 60. Qf6 Qc7+ 61. Qf7 Qc3+ 62. Kh7 Qh3+ 63. Kg6 Qd3+ 64. Qf5+ Qxf5+ 65. Kxf5 Kc6 66. g6 Kd7 67. g7 1-0

[Event "*** Titled Tuesday Blitz"]
[Site "Chess.com"]
[Date "2021.02.09"]
[Round "3"]
[White "NikolasTheiss"]
[Black "annacramling"]
[Result "1-0"]
[WhiteElo "2324"]
[BlackElo "2099"]
[TimeControl "180+1"]
[EndTime "10:28:35 PST"]
[Termination "NikolasTheiss won by resignation"]

1. h4 c5 2. h5 h6 3. Nf3 d5 4.
d4 e6 5. Nc3 Nc6 6. Bf4 a6 7.
e3 Nf6 8. Ne5 Be7 9. Bd3 cxd4 10. exd4 Nxd4 11. Nxf7 Kxf7 12. Bg6+ Kf8 13. Qxd4 Bd7 14.
O-O-O Be8 15. Rde1 Qd7 16. Qe5 Bf7 17. Ne2 Rc8 18.
Nd4 Ng4 19. Nxe6+ Bxe6 20. Qxe6 Qxe6 21. Rxe6 Nxf2 22. Rf1 Ng4 23. Bd6+ Nf6 24. Bxe7+ Kg8 25. Bxf6 gxf6 26. Rexf6 Rc7 27. Rf8+ Kg7 28. R8f7+ Rxf7 29.
Rxf7+ Kg8 30. Rxb7 1-0

[Event "*** Titled Tuesday Blitz"]
[Site "Chess.com"]
[Date "2021.02.09"]
[Round "3"]
[White "Mbneu"]
[Black "ailime26"]
[Result "0-1"]
[WhiteElo "2303"]
[BlackElo "2104"]
[TimeControl "180+1"]
[EndTime "10:28:35 PST"]
[Termination "ailime26 won on time"]

1. d4 d5 2. c4 c6 3. Nc3 e6 4.
e4 dxe4 5. Nxe4 Nf6 6. Nc3 Be7 7. Nf3 O-O 8. Bd3 a6 9. O-O b5 10. c5 a5 11. Bg5 h6 12. Bh4 a4 13. Re1 Nbd7 14. a3 Ba6 15. Ne5 Bb7 16. Bc2 Nxe5 17. dxe5 Nd5 18. Qd3 g6 19. Bxe7 Qxe7 20. Ne4 Ba6 21.
Qh3 Kg7 22. Rad1 Rad8 23. Nd6 Qa7 24. Rc1 b4 25. Be4 Nf4 26. Qf3 Ne2+ 27. Rxe2 Bxe2 28.
Qxe2 bxa3 29. bxa3 Qa5 30. Bxc6 Rb8 31. Qf3 f5 32.
Bd7 Qxc5 0-1

[Event "*** Titled Tuesday Blitz"]
[Site "Chess.com"]
[Date "2021.02.09"]
[Round "3"]
[White "Elshan1985"]
[Black "davidkalashian"]
[Result "1-0"]
[WhiteElo "2812"]
[BlackElo "2592"]
[TimeControl "180+1"]
[EndTime "10:28:36 PST"]
[Termination "Elshan1985 won on time"]

1. Nf3 Nf6 2. c4 e6 3. g3 d5 4. Bg2 Be7 5. O-O O-O 6. b3 c5 7. Bb2 d4 8. Ne5 Bd6 9. Nd3 e5 10. e4 Re8 11. Na3 a6 12. Nc2 Nc6 13. h3 b5 14. Ba3 bxc4 15. bxc4 Qa5 16. Nc1 Nb4 17. Nb3 Qc7 18. d3 a5 19. Nc1 Bd7 20. Ne1 Rab8 21.
Ne2 Qc6 22. f4 Qa4 23. Qc1 Bc6 24. f5 Nd7 25. g4 h6 26. Ng3 Be7 27. Bxb4 Qxb4 28.
Nf3 Qb2 29. Qd1 Bg5 30. Nxg5 hxg5 31. Rf2 Qa3 32. Nh5 Nf6 33. h4 gxh4 34. g5 Nxh5 35. Qxh5 Kf8 36. f6 Kg8 37. fxg7 1-0

[Event "*** Titled Tuesday Blitz"]
[Site "Chess.com"]
[Date "2021.02.09"]
[Round "3"]
[White "AustrianFalcon"]
[Black "mbojan"]
[Result "1-0"]
[WhiteElo "2434"]
[BlackElo "2622"]
[TimeControl "180+1"]
[EndTime "10:28:36 PST"]
[Termination "AustrianFalcon won by checkmate"]

1. e4 g6 2. d4 Bg7 3. Nc3 d6 4. Be3 a6 5. g4 b5 6. h4 h6 7.
Bg2 Bb7 8. g5 h5 9. f4 e6 10. Nge2 Ne7 11. Ng3 Nd7 12. O-O c5 13.
d5 exd5 14. Nxd5 Bxd5 15. exd5 Bxb2 16. f5 Nxf5 17. Nxf5 gxf5 18. Rb1 Bd4 19. Bxd4 cxd4 20. Rxf5 Qb6 21. Kh1 Ne5 22. Qe2 O-O-O 23. a4 b4 24. a5 Qxa5 25. Rxe5 dxe5 26. Qc4+ Qc7 27. Bh3+ Rd7 28. Qxa6+ Kd8 29. Qf6+ Kc8 30. Qxh8+ Kb7 31. Rxb4+ Ka7 32. Bxd7 Qd6 33. Ra4+ Kb6 34. Qd8+ Kc5 35.
Qa5# 1-0

[Event "*** Titled Tuesday Blitz"]
[Site "Chess.com"]
[Date "2021.02.09"]
[Round "3"]
[White "Mikasinski"]
[Black "Aisen1011"]
[Result "1-0"]
[WhiteElo "2474"]
[BlackElo "2151"]
[TimeControl "180+1"]
[EndTime "10:28:36 PST"]
[Termination "Mikasinski won by checkmate"]

1. e4 e5 2. Nf3 Nc6 3. Nc3 g6 4.
d4 exd4 5. Nxd4 Bg7 6. Be3 Nge7 7. Qd2 d6 8. O-O-O Bd7 9. h4 h5 10. Kb1 a6 11. f3 Ne5 12. Bg5 f6 13. Be3 N7c6 14.
Nd5 Nxd4 15. Bxd4 Bc6 16. Nf4 Bh6 17. Be3 Qd7 18. Nd5 Bg7 19. Be2 Qf7 20. Qc3 f5 21. Bd4 Bxd5 22. exd5 O-O 23. Rhg1 Rfc8 24. g4 hxg4 25.
fxg4 c5 26. dxc6 bxc6 27. gxf5 Qxf5 28. Rdf1 Qe4 29. Bc4+ Nxc4 30. Bxg7 Rab8 31. Bh6 Rxb2+ 32. Ka1 Qe5 33. Qxc4+ Kh7 34. Qf7+ Kxh6 35. Qxg6# 1-0

[Event "*** Titled Tuesday Blitz"]
[Site "Chess.com"]
[Date "2021.02.09"]
[Round "3"]
[White "Artem_Koval"]
[Black "IngOscarArdila"]
[Result "0-1"]
[WhiteElo "2306"]
[BlackElo "2161"]
[TimeControl "180+1"]
[EndTime "10:28:36 PST"]
[Termination "IngOscarArdila won by resignation"]

1. d4 Nf6 2. Bf4 g6 3. e3 Bg7 4.
Nf3 O-O 5. Nc3 d6 6. h4 h5 7. Be2 Bg4 8. Qd2 Nbd7 9. O-O-O d5 10. Ne5 Bxe2 11. Qxe2 c6 12. f3 Nxe5 13. Bxe5 Nd7 14.
Bxg7 Kxg7 15. g4 Nf6 16. Rdg1 Rh8 17. Qg2 Qd6 18. Ne2 hxg4 19. fxg4 Ne4 20. Nf4 e5 21. dxe5 Qxe5 22. h5 Rae8 23. g5 Nd6 24. Re1 Nf5 25. h6+ Kh7 26. Rh3 d4 27. Nd3 Qe4 28. Qxe4 Rxe4 29. exd4 Rxe1+ 30. Nxe1 Nxd4 31. Rd3 Re8 32. Kd2 c5 33. c3 Nc6 34. Rd7 Re7 35. Rd5 Ne5 36.
Rxc5 b6 37. Rd5 Nc4+ 38. Kd1 Nxb2+ 39. Kd2 Nc4+ 40. Kd1 Ne3+ 0-1

[Event "*** Titled Tuesday Blitz"]
[Site "Chess.com"]
[Date "2021.02.09"]
[Round "3"]
[White "FairChess_on_YouTube"]
[Black "Szparu"]
[Result "1-0"]
[WhiteElo "2951"]
[BlackElo "2687"]
[TimeControl "180+1"]
[EndTime "10:28:38 PST"]
[Termination "FairChess_on_YouTube won by resignation"]

1. d4 Nf6 2. Bg5 d5 3. Nd2 c5 4. dxc5 Na6 5. e4 Nxc5 6. exd5 Qxd5 7. Ngf3 Bg4 8. h3 Bxf3 9. Nxf3 O-O-O 10. Qxd5 Nxd5 11.
O-O-O f6 12. Bc4 Nb6 13. Rxd8+ Kxd8 14. Rd1+ Kc8 15. Be3 Nxc4 16. Bxc5 b6 17. Bb4 e5 18. Bxf8 Rxf8 19. b3 Na5 20. Nd2 Kc7 21. Ne4 Nb7 22. c4 Rd8 23. Rxd8 Nxd8 24. Nc3 Ne6 25. Nb5+ Kb7 26.
Kd2 Nf4 27. Nd6+ Kc6 28. Nf5 Nxg2 29. Nxg7 Nf4 30. h4 Kc5 31. Ne8 Ng2 32. h5 Nf4 33. Nxf6 h6 34. Ke3 Kb4 35. Nd5+ Nxd5+ 36. cxd5 Kc5 37.
Ke4 Kd6 38. b4 a6 39. a4 b5 40. axb5 axb5 41. f3 1-0

[Event "*** Titled Tuesday Blitz"]
[Site "Chess.com"]
[Date "2021.02.09"]
[Round "3"]
[White "anon102030"]
[Black "woodhy"]
[Result "0-1"]
[WhiteElo "2723"]
[BlackElo "2462"]
[TimeControl "180+1"]
[EndTime "10:28:38 PST"]
[Termination "woodhy won on time"]

1. e4 e6 2. d3 d5 3. Nd2 Nf6 4. g3 c5 5. Bg2 b6 6. Ngf3 Bb7 7. O-O Be7 8. Qe2 Nc6 9. b3 Qc7 10. Bb2 Rd8 11. Rfe1 dxe4 12. Nxe4 Nxe4 13. dxe4 O-O 14. Rad1 Nb4 15. a3 Ba6 16. c4 Nc6 17. Qe3 Rxd1 18. Rxd1 Rd8 19. Rxd8+ Qxd8 20. Qd2 Qxd2 21. Nxd2 Bf6 22.
Bxf6 gxf6 23. f4 Nd4 24. Kf2 Kf8 25. e5 fxe5 26. fxe5 Ke7 27. b4 Bc8 28. bxc5 bxc5 29. Ne4 Ba6 30. Bf1 Nb3 31. Ke3 Bb7 32. Nf6 Nd4 33.
Bd3 Nf3 34. h4 Nxe5 35. Nxh7 f6 36. h5 Kf7 37. h6 Ng4+ 38. Kd2 Nxh6 39. Bc2 Kg7 40. Bd3 Nf5 0-1

[Event "*** Titled Tuesday Blitz"]
[Site "Chess.com"]
[Date "2021.02.09"]
[Round "3"]
[White "Srisshhhtea"]
[Black "jorquerino"]
[Result "1-0"]
[WhiteElo "2509"]
[BlackElo "2273"]
[TimeControl "180+1"]
[EndTime "10:28:38 PST"]
[Termination "Srisshhhtea won on time"]

1. d4 Nf6 2. c4 d6 3. Nf3 Nbd7 4. Nc3 e5 5. dxe5 dxe5 6. e4 Bb4 7. Qc2 O-O 8. Be2 c6 9. O-O Qe7 10. Rd1 Nc5 11.
Bg5 Bg4 12. Nh4 Be6 13. Nf5 Bxf5 14. exf5 Bxc3 15. bxc3 Rad8 16. Rab1 b6 17. Bf3 h6 18. Bh4 e4 19. Re1 Qe5 20. Bxf6 Qxf6 21. Bxe4 Nxe4 22. Qxe4 Qxc3 23. Qxc6 Rc8 24. Qd7 Qxc4 25. f6 gxf6 26.
Qxa7 Rc6 27. Rxb6 Qc5 28. Rb7 Qxa7 29. Rxa7 Rc2 30. g4 Kg7 31. Re3 Kg6 32. Kg2 1-0

[Event "*** Titled Tuesday Blitz"]
[Site "Chess.com"]
[Date "2021.02.09"]
[Round "3"]
[White "DonPreuss"]
[Black "The_Machine04"]
[Result "0-1"]
[WhiteElo "2223"]
[BlackElo "2487"]
[TimeControl "180+1"]
[EndTime "10:28:38 PST"]
[Termination "The_Machine04 won on time"]

1. d4 d6 2. e4 Nf6 3. Nc3 e5 4. f4 exd4 5. Qxd4 Nc6 6. Bb5 Bd7 7. Bxc6 Bxc6 8. Nf3 Nxe4 9. Nxe4 Qe7 10. O-O Bxe4 11. Re1 f5 12. Bd2 d5 13. b4 c5 14. bxc5 Qxc5 15.
Bc3 Rc8 16. Qxc5 Bxc5+ 17. Bd4 Bxd4+ 18. Nxd4 O-O 19. Rab1 b6 20. Rb5 Rc4 21. Rd1 Rfc8 22. h3 Ra4 23. Rb2 Rcc4 24. Nb5 Rcb4 25. Rxb4 Rxb4 26. Nxa7 Ra4 27. Nc6 Rxa2 28. Ne7+ Kf7 29. Nxd5 b5 30. Nc3 Rxc2 31. Nxe4 fxe4 32. Rb1 Rc5 33.
Rb4 e3 34. Kf1 Kf6 35. Ke2 Rc2+ 36. Kxe3 Rxg2 37. Kf3 Rh2 38. Kg3 Rc2 39. Rxb5 Rc3+ 40. Kg4 Rc6 41. h4 g6 42. Ra5 h5+ 43. Kf3 Rc3+ 44. Kg2 Rb3 45. Rc5 Ke6 46. Ra5 Rd3 47.
Rb5 Rd5 48. Rb6+ Kf5 0-1

[Event "*** Titled Tuesday Blitz"]
[Site "Chess.com"]
[Date "2021.02.09"]
[Round "3"]
[White "Genghis_K"]
[Black "GregShahade"]
[Result "1/2-1/2"]
[WhiteElo "2922"]
[BlackElo "2688"]
[TimeControl "180+1"]
[EndTime "10:28:39 PST"]
[Termination "Game drawn by repetition"]

1. e4 e5 2. Nf3 Nc6 3. Bb5 a6 4. Ba4 Nf6 5. O-O Be7 6. Re1 b5 7. Bb3 O-O 8. c3 d5 9. d4 dxe4 10. Nxe5 Nxe5 11. dxe5 Qxd1 12. Bxd1 Nd7 13. Rxe4 Nc5 14.
Rd4 Ne6 15. Rd5 Bb7 16. Rd7 Rfd8 17. Rxd8+ Rxd8 18. Be2 Bg5 19. Bxg5 Nxg5 20. Na3 Rd2 21. Rd1 Rxd1+ 22. Bxd1 Kf8 23. Nc2 Ke7 24. f4 Ne6 25.
g3 g5 26. f5 Nc5 27. Be2 Nd7 28. e6 fxe6 29. fxe6 Nc5 30. Kf2 Na4 31. c4 bxc4 32.
Bxc4 Nxb2 33. Bb3 Nd3+ 34. Ke3 Nc5 35. Nd4 Nxb3 36. Nxb3 Bd5 37. Nc5 a5 38. a4 Bxe6 39. Nb7 Bd7 40. Nxa5 Bxa4 41. Kd4 Bd7 42. Ke5 c5 43.
Nc4 Be6 44. Nd2 c4 45. Ne4 h6 46. Kd4 Kf7 47. Ke5 Ke7 48. Kd4 Kf7 49. Ke5 Ke7 1/2-1/2

[Event "*** Titled Tuesday Blitz"]
[Site "Chess.com"]
[Date "2021.02.09"]
[Round "3"]
[White "maximnovik"]
[Black "Alexander_Moskalenko"]
[Result "0-1"]
[WhiteElo "2588"]
[BlackElo "2780"]
[TimeControl "180+1"]
[EndTime "10:28:39 PST"]
[Termination "Alexander_Moskalenko won on time"]

1. Nf3 d5 2. g3 c6 3. Bg2 Bg4 4. O-O Nd7 5. d4 Ngf6 6. Nbd2 e6 7. Re1 Be7 8. e4 O-O 9. e5 Ne8 10. h3 Bh5 11. Nf1 c5 12. g4 Bg6 13. c3 Nc7 14. Ng3 b5 15. Be3 a5 16. Nd2 b4 17. f4 Bh4 18. Bf2 bxc3 19. bxc3 Nb5 20. Rc1 cxd4 21. cxd4 Nxd4 22. Bxd4 Bxg3 23. Rf1 f5 24. g5 h6 25.
gxh6 Qh4 26. hxg7 Rf7 27. Rc6 Re8 28. Qf3 Bh5 29. Qe3 Rxg7 30. Kh1 Nf8 31. Nf3 Qxf4 32. Qxf4 Bxf4 33. Ra6 Ng6 34. Rxa5 Bxf3 35. Bxf3 Bxe5 36. Bxe5 Nxe5 37. Bxd5 exd5 38. Rxd5 Rg5 39. Rg1 Rxg1+ 40. Kxg1 Kf7 41. a4 Ke6 42. Rb5 f4 43. a5 Ra8 44.
Kf2 Kf5 45. h4 Rh8 46. a6 Rxh4 47. Ra5 Rh2+ 48. Kf1 Rh8 49. a7 Ra8 50. Kf2 Kf6 51.
Ra4 Kg5 52. Ra5 Kf5 53. Ra4 Kg4 54. Ra5 Nc6 55. Ra6 Nb4 0-1

[Event "*** Titled Tuesday Blitz"]
[Site "Chess.com"]
[Date "2021.02.09"]
[Round "3"]
[White "Bigfish1995"]
[Black "emperor87"]
[Result "1-0"]
[WhiteElo "2994"]
[BlackElo "2709"]
[TimeControl "180+1"]
[EndTime "10:28:40 PST"]
[Termination "Bigfish1995 won on time"]

1. e4 e5 2. Nf3 Nc6 3. Bc4 Nf6 4. Ng5 d5 5. exd5 Na5 6. Bb5+ c6 7.
dxc6 bxc6 8. Bd3 Nd5 9. h4 Be7 10. Nc3 Nf4 11. Bf1 h6 12. Nf3 Bg4 13. d3 O-O 14. g3 Ne6 15. Be2 Bd6 16. h5 Rb8 17. Nh4 Bxe2 18. Nxe2 f5 19. Kf1 c5 20. b3 Nc6 21.
Ng1 f4 22. gxf4 Nxf4 23. Bxf4 Rxf4 24. Ng6 Rf5 25. Qg4 Qf6 26. Nh3 Rb4 27. c4 Rb7 28. Kg2 Rf7 29. Rhf1 Nd4 30. Nh4 Rf3 31. Nxf3 Nxf3 32.
Ng1 e4 33. Nxf3 exf3+ 34. Kh3 Qe5 35. Rh1 Rf4 36. Rae1 1-0

[Event "*** Titled Tuesday Blitz"]
[Site "Chess.com"]
[Date "2021.02.09"]
[Round "3"]
[White "bangchess21"]
[Black "yuki_chess123"]
[Result "1-0"]
[WhiteElo "2723"]
[BlackElo "2302"]
[TimeControl "180+1"]
[EndTime "10:28:40 PST"]
[Termination "bangchess21 won on time"]

1. Nf3 g6 2. g3 Bg7 3. Bg2 d6 4. O-O e5 5. d3 Nf6 6. c4 O-O 7. Nc3 a5 8. Rb1 Na6 9. a3 Bd7 10. b4 axb4 11. axb4 c6 12. Ne1 Qc8 13. b5 Nc5 14. Be3 Bh3 15. bxc6 Bxg2 16. Nxg2 Qxc6 17.
Bxc5 dxc5 18. Ne3 Qe6 19. Ned5 Nxd5 20. Nxd5 Rab8 21. Rb6 Qh3 22. Qb3 h5 23. Rxb7 Rxb7 24. Qxb7 h4 25. Ne3 hxg3 26. fxg3 Bh6 27. Nd5 Bg7 28. Qe7 e4 29. Qxe4 Bd4+ 30. e3 Bg7 31. Rf4 g5 32. Qf5 1-0

[Event "*** Titled Tuesday Blitz"]
[Site "Chess.com"]
[Date "2021.02.09"]
[Round "3"]
[White "Kobalia"]
[Black "hansen"]
[Result "0-1"]
[WhiteElo "2689"]
[BlackElo "2955"]
[TimeControl "180+1"]
[EndTime "10:28:42 PST"]
[Termination "hansen won on time"]

1. e4 c5 2. Nf3 e6 3. g3 Nc6 4. Bg2 e5 5. O-O Nf6 6. d3 Be7 7. Na3 O-O 8. Nc4 d6 9. c3 h6 10. Nfd2 Be6 11. f4 exf4 12. gxf4 d5 13. Ne3 d4 14.
cxd4 cxd4 15. Nc2 Rc8 16. Nf3 Ng4 17. h3 Ne3 18. Nxe3 dxe3 19. Bxe3 Nb4 20. Rc1 Qxd3 21.
Qxd3 Nxd3 22. Rxc8 Rxc8 23. b3 Nb4 24. Nd4 Bd7 25. e5 Rc3 26. Bf2 Nd3 27. Kh2 Nxf2 28. Rxf2 Rd3 29. Nc2 Bh4 30. Re2 Bg3+ 31. Kg1 Rd1+ 32.
Bf1 Bxh3 33. Ne3 Ra1 0-1

[Event "*** Titled Tuesday Blitz"]
[Site "Chess.com"]
[Date "2021.02.09"]
[Round "3"]
[White "Chandradi"]
[Black "zeitnot2006"]
[Result "0-1"]
[WhiteElo "2323"]
[BlackElo "2525"]
[TimeControl "180+1"]
[EndTime "10:28:42 PST"]
[Termination "zeitnot2006 won by checkmate"]

1. Nf3 b6 2. g3 Bb7 3. Bg2 e6 4. c4 f5 5. O-O Nf6 6. d3 Be7 7. Nc3 O-O 8. Rb1 Nc6 9. a3 a5 10.
Bd2 d6 11. Ne1 Qc8 12. b4 axb4 13. axb4 h6 14. Nf3 e5 15. e3 Nd8 16. Qb3 Kh7 17.
Ra1 Rxa1 18. Rxa1 Nf7 19. Nd5 Nxd5 20. cxd5 g5 21. Qc4 g4 22. Ne1 Ng5 23. Rc1 Bd8 24. b5 Qa8 25. Bc3 Qc8 26. Bb4 Qd7 27. Ra1 Qc8 28.
Rc1 f4 29. exf4 exf4 30. gxf4 Nh3+ 31. Kh1 Nxf2+ 32. Kg1 Nh3+ 33. Kh1 Rxf4 34. Be4+ Kg8 35. Bxd6 Rf1+ 36. Kg2 Rg1# 0-1

[Event "*** Titled Tuesday Blitz"]
[Site "Chess.com"]
[Date "2021.02.09"]
[Round "3"]
[White "Gusarov91"]
[Black "Orest_Vovk"]
[Result "1/2-1/2"]
[WhiteElo "2215"]
[BlackElo "2405"]
[TimeControl "180+1"]
[EndTime "10:28:42 PST"]
[Termination "Game drawn by repetition"]

1. d4 d5 2. Nf3 Bf5 3. c4 Nf6 4. cxd5 Nxd5 5. Nc3 Nxc3 6. bxc3 e6 7. Qb3 Qc8 8. Bf4 Bd6 9. Bxd6 cxd6 10. e3 O-O 11.
Be2 Nc6 12. O-O Na5 13. Qb4 Qc7 14. c4 b6 15. Rfc1 Rac8 16. h3 h6 17. Rc3 Be4 18.
Nd2 Ba8 19. Rac1 Qb7 20. Bf3 Qe7 21. Bxa8 Rxa8 22. c5 dxc5 23. dxc5 Nb7 24. Nb3 Rac8 25. Qb5 Nxc5 26. Nxc5 Rxc5 27. Rxc5 bxc5 28. Qxc5 Qxc5 29. Rxc5 Rb8 30. Rc7 Rb1+ 31. Kh2 Rb2 32. Rxa7 Rxf2 33. Kg3 Re2 34. Kf3 Rb2 35. a4 Ra2 36. h4 g5 37.
hxg5 hxg5 38. g4 Kg7 39. Ra5 Kf6 40. Ra7 Kg6 41. a5 f5 42. Ra8 Ra3 43. Rg8+ Kf7 44. Rxg5 Rxa5 45. gxf5 Rxf5+ 46. Kg4 Rf1 47. Ra5 Kf6 48. Rb5 Kg6 49. Rb6 Kf6 50. Ra6 Ke5 51. Ra4 Rf8 52. Kg3 Kd5 53. Rd4+ Ke5 54. Rh4 Rf7 55. Rh6 Kd5 56. Kg2 e5 57. Rh4 e4 58. Rg4 Rf3 59. Rg3 Rxg3+ 60. Kxg3 Kc4 61.
Kg4 Kd5 62. Kf5 Kd6 63. Kf6 Kd5 64. Kf5 Kd6 65. Kf4 Kd5 66. Kg5 Ke5 67. Kg4 Ke6 68. Kf4 Kd5 69. Kf5 1/2-1/2

[Event "*** Titled Tuesday Blitz"]
[Site "Chess.com"]
[Date "2021.02.09"]
[Round "3"]
[White "chessmause"]
[Black "awesomevishesh"]
[Result "0-1"]
[WhiteElo "2204"]
[BlackElo "2481"]
[TimeControl "180+1"]
[EndTime "10:28:43 PST"]
[Termination "awesomevishesh won by checkmate"]

1. e4 c5 2. Nc3 Nc6 3. d3 g6 4. Be3 Bg7 5. Bxc5 Nf6 6. Be3 O-O 7. f3 d5 8. Bf2 e5 9. g3 Be6 10. Bg2 Rc8 11. Nge2 d4 12. Nb1 Nb4 13. Na3 Bxa2 14.
O-O Be6 15. f4 Ng4 16. Qd2 a5 17. f5 gxf5 18. exf5 Bxf5 19. Bxd4 exd4 20. Rxf5 Ne3 21. Rf3 Nbxc2 22. Rb1 Nxa3 23. bxa3 Rc2 24. Qe1 Re8 25.
Rxb7 Nxg2 26. Qf2 Rexe2 27. Rfxf7 Rc1+ 28. Kxg2 Rxf2+ 29. Kxf2 Qd5 30. Rxg7+ Kf8 31. Rbc7 Rc2+ 32. Ke1 Qh1# 0-1

[Event "*** Titled Tuesday Blitz"]
[Site "Chess.com"]
[Date "2021.02.09"]
[Round "3"]
[White "dodorox"]
[Black "PushingpawnsNYC"]
[Result "0-1"]
[WhiteElo "2117"]
[BlackElo "2329"]
[TimeControl "180+1"]
[EndTime "10:28:44 PST"]
[Termination "PushingpawnsNYC won on time"]

1. d4 g6 2. c4 Bg7 3. Nc3 d6 4. e4 Nf6 5. Nf3 Nbd7 6. h3 e5 7. d5 O-O 8. Bg5 h6 9. Be3 Nc5 10. Nd2 Kh7 11. b4 Ncd7 12. a3 c6 13. g4 a5 14. Be2 cxd5 15. cxd5 Ne8 16. h4 f5 17.
gxf5 gxf5 18. exf5 Ndf6 19. Bd3 axb4 20. axb4 Rxa1 21.
Qxa1 Qc7 22. Nb5 Qf7 23. Qc1 Qxd5 24. Qxc8 Qxh1+ 25. Bf1 Qxh4 26. Qxb7 Qxb4 27. Qc6 d5 28. Nc7 d4 0-1

[Event "*** Titled Tuesday Blitz"]
[Site "Chess.com"]
[Date "2021.02.09"]
[Round "3"]
[White "TigranMukhutdinov"]
[Black "dpopadic"]
[Result "1-0"]
[WhiteElo "2609"]
[BlackElo "2331"]
[TimeControl "180+1"]
[EndTime "10:28:45 PST"]
[Termination "TigranMukhutdinov won on time"]

1. Nf3 Nf6 2. g3 g6 3. b3 Bg7 4.
Bb2 O-O 5. Bg2 d6 6. d4 c5 7. c4 Nc6 8. d5 Na5 9. O-O a6 10. Nc3 Bd7 11. e4 Nxe4 12. Qc2 Nxc3 13. Bxc3 Bxc3 14. Qxc3 b5 15. Rfe1 bxc4 16. bxc4 Rb8 17.
Re4 Bf5 18. Rh4 f6 19. Re1 Re8 20. Qd2 Rf8 21. g4 Bd7 22. Qd3 Rf7 23. Rh6 Rg7 24.
h3 Qb6 25. Nd2 Qc7 26. Be4 Be8 27. Qc3 Nb7 28. Rb1 Nd8 29. Rxb8 Qxb8 30. Qa5 Nf7 31. Rh4 Qb4 32. Qxb4 cxb4 33. Nb3 Ne5 34. c5 dxc5 35. Nxc5 a5 36. f4 Nc4 37. Ne6 Bf7 38. Nxg7 Kxg7 39.
g5 f5 40. Bf3 Ne3 41. Kf2 Nxd5 42. Rh6 Nc3 43. h4 Nxa2 44. h5 b3 45. hxg6 hxg6 46. Rh1 1-0

[Event "*** Titled Tuesday Blitz"]
[Site "Chess.com"]
[Date "2021.02.09"]
[Round "3"]
[White "LubovMarkelova"]
[Black "Enriquack"]
[Result "1-0"]
[WhiteElo "2258"]
[BlackElo "2480"]
[TimeControl "180+1"]
[EndTime "10:28:46 PST"]
[Termination "LubovMarkelova won on time"]

1. d4 Nf6 2. Nf3 g6 3. c4 c5 4. d5 b5 5. cxb5 a6 6. Nc3 Bg7 7. e4 O-O 8. Bg5 d6 9. a4 h6 10.
Bxf6 Bxf6 11. Bd3 axb5 12. Bxb5 Na6 13. O-O Nb4 14. Nd2 e6 15. Nc4 exd5 16. Nxd5 Nxd5 17. exd5 Ba6 18. Re1 Qb8 19. Bxa6 Rxa6 20. Qf3 Kg7 21.
Qf4 Qb4 22. Re4 Rxa4 23. Rxa4 Qxa4 24. g4 Qd1+ 25. Kg2 Bg5 26. Qxd6 Qd3 27. Qe5+ f6 28. Qe7+ Rf7 29. Qe6 f5 30. gxf5 gxf5 31. Nd6 1-0

[Event "*** Titled Tuesday Blitz"]
[Site "Chess.com"]
[Date "2021.02.09"]
[Round "3"]
[White "chesslh19"]
[Black "Vasily85"]
[Result "0-1"]
[WhiteElo "2243"]
[BlackElo "2449"]
[TimeControl "180+1"]
[EndTime "10:28:46 PST"]
[Termination "Vasily85 won by resignation"]

1. e4 c5 2. Nf3 e6 3. d4 cxd4 4.
Nxd4 Nc6 5. Nc3 Qc7 6. Be2 a6 7. O-O Nf6 8. Be3 Bb4 9. Na4 Be7 10. Nxc6 bxc6 11. Nb6 Rb8 12. Nxc8 Qxc8 13. Bd4 c5 14. Be5 Rb6 15. Qd3 d6 16. Bc3 O-O 17. b3 Nd7 18.
Rad1 Bf6 19. Qg3 Bxc3 20. Qxc3 Qc7 21. Rd2 Nf6 22. f3 Rd8 23. Rfd1 d5 24. Kh1 Rbb8 25.
exd5 exd5 26. Qe3 Re8 27. Qf2 a5 28. Bf1 a4 29. bxa4 c4 30. Qg3 Qxg3 31. hxg3 Ra8 32. c3 Rxa4 33. g4 h6 34. Kg1 Ra3 35. Rc1 Re3 36.
Kf2 Rexc3 37. Rxc3 Rxc3 38. Be2 Kf8 39. f4 Ne4+ 40.
Ke1 Nxd2 41. Kxd2 Ra3 0-1

[Event "*** Titled Tuesday Blitz"]
[Site "Chess.com"]
[Date "2021.02.09"]
[Round "3"]
[White "mikolka1985"]
[Black "Logman74"]
[Result "1-0"]
[WhiteElo "2607"]
[BlackElo "2410"]
[TimeControl "180+1"]
[EndTime "10:28:47 PST"]
[Termination "mikolka1985 won on time"]

1. d4 d5 2. c4 e6 3. Nc3 Nf6 4. Nf3 Be7 5. Bf4 O-O 6. e3 b6 7. a3 Bb7 8. cxd5 Nxd5 9. Nxd5 Bxd5 10. Bd3 c5 11. dxc5 Bxf3 12. Qxf3 Qxd3 13. Qxa8 e5 14. Bg3 Rd8 15. Qf3 Qd2+ 16. Kf1 Qxb2 17. Rd1 Qb5+ 18. Kg1 Rxd1+ 19. Qxd1 Qxc5 20. h4 Nc6 21. Qd7 Bf8 22. Kh2 a5 23. Rb1 b5 24. Qd2 b4 25. Rc1 Qb5 26.
Qd7 Nd4 27. Qxb5 Nxb5 28. axb4 axb4 29. Bxe5 f6 30. Bb2 Kf7 31. Rc8 Ke6 32. g3 Bd6 33. e4 h5 34. f4 Na3 35. f5+ Kd7 36. Rg8 Nc4 37. Rxg7+ Kc6 38. Bxf6 Ne5 39.
Bxe5 Bxe5 40. Rg6+ Kb5 41. Re6 Bc3 42. f6 b3 43. f7 Bb4 44. Re8 b2 45. Rb8+ 1-0

[Event "*** Titled Tuesday Blitz"]
[Site "Chess.com"]
[Date "2021.02.09"]
[Round "3"]
[White "FrenchMonster2002"]
[Black "Artyom_ChessMate"]
[Result "1-0"]
[WhiteElo "2394"]
[BlackElo "2534"]
[TimeControl "180+1"]
[EndTime "10:28:47 PST"]
[Termination "FrenchMonster2002 won on time"]

1. e4 c5 2. Nc3 Nc6 3. Bb5 Nd4 4. Nf3 g6 5. Bc4 Bg7 6. Nxd4 cxd4 7. Qf3 e6 8. Nb5 Qb6 9. Qg3 e5 10. Qa3 Bf8 11.
Qg3 Bg7 12. Qa3 Bf8 13. Qb3 Nh6 14. d3 f6 15. a4 a6 16. a5 Qc5 17. Na3 Qb4+ 18. Bd2 Qxb3 19. cxb3 Nf7 20. O-O-O Nd8 21. f4 Nc6 22. fxe5 Nxe5 23. Nc2 Be7 24. Nxd4 d5 25. exd5 Bd7 26. Kb1 Bd6 27. Nf3 O-O 28. Nxe5 fxe5 29. Rdf1 Bg4 30. Bh6 Rfe8 31. Rf6 Rad8 32. Rhf1 Bf5 33.
h3 Kh8 34. g4 Bc8 35. Rf7 Bb4 36. d6 1-0

[Event "*** Titled Tuesday Blitz"]
[Site "Chess.com"]
[Date "2021.02.09"]
[Round "3"]
[White "AttackSparrow"]
[Black "DenLaz"]
[Result "1-0"]
[WhiteElo "2476"]
[BlackElo "2793"]
[TimeControl "180+1"]
[EndTime "10:28:49 PST"]
[Termination "AttackSparrow won by resignation"]

1. e4 e5 2. Nc3 Nf6 3. f4 d5 4.
fxe5 Nxe4 5. Qe2 Nxc3 6. dxc3 Be7 7. Nf3 c5 8. Be3 Nc6 9. Qf2 Qa5 10. Bd3 Be6 11. O-O h6 12. a3 c4 13. Be2 Qc7 14. a4 O-O-O 15. a5 Kb8 16. b4 cxb3 17. cxb3 Ka8 18.
Bb6 Qc8 19. Bxd8 Rxd8 20. a6 b6 21. Rfc1 Bc5 22. Nd4 Nxe5 23. b4 Bd6 24. Nxe6 fxe6 25. Kh1 Qc7 26. Qd4 Nc6 27. Qh4 Ne5 28. Bb5 Rc8 29.
Qh3 Qe7 30. Re1 Kb8 31. Rad1 g5 32. Qg3 Ng6 33. Qg4 Ne5 34. Qg3 Ng6 35. Qd3 Ne5 36. Qe2 Qc7 37. c4 Nxc4 38. Qxe6 Bxb4 39. Rf1 Qd6 40. Qf7 Rc7 41. Qe8+ Rc8 42. Qf7 Rc7 43. Qg8+ Rc8 44. Qg7 Rc7 45. Rf7 Ne3 46. Qg8+ 1-0